AoeStats
← 落花之情

Arena

504065280Analyzed
4v4 RM · 27d ago on Sep 3, 2026· 39m 39s· 8 players
Game mode
Random Map
Map size
Large (8 player)
Population
200
Speed
Normal
Resources
Standard
Victory
Conquest
Starting age
Dark Age
Ending age
Imperial Age
RankedLock teamsTeams togetherTeam positionsShared explorationLock speedFull tech treeHidden civsTurbo modeCheats
Victory
Defeat
🇮🇳 Cumans · India
1623
+13
🇹🇼 Persians · Taiwan
1605
+14
🇮🇳 Bohemians · India
1591
+15
🇮🇳 Teutons · India
1553
+17
🇲🇽 Cumans · Mexico
1598
-16
🇨🇳 Chinese · China
1589
-16
🇲🇽 Berbers · Mexico
1583
-16
🇺🇸 Khmer · United States
1480
-11
EXILE | Ivanistico
8:39 Loom
10:33 Feudal Age
15:17 Castle Age
13:04 Double-Bit Axe
12:59 Horse Collar
22:43 Bow Saw
22:31 Town Watch
23:48 Wheelbarrow
23:15 Heavy Plow
28:11 Imperial Age
25:41 Gold Mining
26:27 Fortified Wall
26:48 Hand Cart
27:31 Masonry
27:12 Treadmill Crane
28:16 Capped Ram
30:00 Gold Shaft Mining
29:57 Crop Rotation
29:18 Stone Mining
29:08 Onager
32:16 Heavy Scorpion
34:37 Chemistry
33:55 Fletching
34:37 Conscription
35:31 Siege Engineers
DippityDang
10:19 Feudal Age
13:49 Castle Age
12:12 Horse Collar
13:02 Double-Bit Axe
14:47 Bow Saw
20:55 Wheelbarrow
21:28 Gold Mining
22:26 Heavy Plow
27:04 Imperial Age
24:39 Loom
25:49 Scale Barding Armor
26:06 Bloodlines
26:28 Hand Cart
27:22 Chain Barding Armor
27:44 Husbandry
27:08 Cavalier
28:42 Plate Barding Armor
29:07 Forging
30:27 Light Cavalry
31:16 Hussar
32:32 Iron Casting
31:24 Heavy Scorpion
32:42 Conscription
34:39 Ballistics
35:20 Chemistry
MZTK | Evil Xandro
6:31 Loom
10:05 Feudal Age
11:16 Double-Bit Axe
14:34 Fletching
17:04 Horse Collar
29:04 Scale Mail Armor
33:24 Castle Age
34:50 Bow Saw
落花之情
10:14 Feudal Age
11:12 Double-Bit Axe
11:15 Loom
13:01 Horse Collar
15:43 Town Watch
17:07 Wheelbarrow
17:36 Stone Mining
20:21 Castle Age
18:59 Stone Mining
21:14 Bow Saw
23:58 Fletching
26:29 Bodkin Arrow
27:17 Gold Mining
29:46 Hand Cart
30:16 Padded Archer Armor
34:39 Imperial Age
33:30 Scale Mail Armor
33:58 Forging
33:54 Squires
35:10 Chain Mail Armor
35:20 Chain Mail Armor
34:39 Elite Fire Lancer
36:25 Chemistry
34:58 Capped Ram
36:27 Iron Casting
37:22 Plate Mail Armor
36:23 Siege Ram
37:59 Conscription
38:41 Blast Furnace
38:19 Heavy Plow
40:04 Stone Shaft Mining
40:04 Gold Shaft Mining
DYS.K
10:46 Feudal Age
14:36 Castle Age
12:51 Double-Bit Axe
15:27 Bow Saw
15:39 Horse Collar
19:56 Heavy Plow
21:39 Wheelbarrow
23:17 Hand Cart
23:29 Stone Mining
24:15 Gold Mining
26:01 Loom
28:38 Gold Shaft Mining
28:40 Stone Shaft Mining
30:38 Imperial Age
28:15 Scale Barding Armor
28:21 Forging
28:29 Devotion
29:30 Chain Barding Armor
29:21 Bloodlines
29:12 Husbandry
30:32 Iron Casting
29:47 Town Watch
30:17 Elite War Elephant
31:23 Conscription
31:48 Plate Barding Armor
31:53 Crop Rotation
33:07 Blast Furnace
33:47 Faith
34:46 Two-Man Saw
34:01 Fletching
34:09 Murder Holes
34:35 Ballistics
35:09 Masonry
36:00 Chemistry
wackadoodle
6:23 Loom
6:27 Loom
9:07 Feudal Age
10:07 Double-Bit Axe
11:12 Horse Collar
22:22 Castle Age
23:38 Bow Saw
23:52 Fletching
25:00 Bodkin Arrow
27:05 Heavy Plow
28:20 Guard Tower
31:38 Ballistics
34:44 Wheelbarrow
34:33 Stone Mining
34:34 Gold Mining
40:31 Imperial Age
HAASHIRAMA
8:52 Feudal Age
9:38 Double-Bit Axe
9:33 Horse Collar
15:13 Loom
17:59 Scale Barding Armor
18:17 Bloodlines
18:40 Forging
23:26 Wheelbarrow
25:47 Castle Age
27:13 Hand Cart
36:59 Imperial Age
37:12 Bow Saw
37:02 Heavy Plow
37:39 Chain Barding Armor
38:39 Conscription
38:01 Cavalier
39:17 Town Watch
40:23 Iron Casting
A-V (JustOnePixeL)
10:38 Feudal Age
14:55 Castle Age
13:19 Double-Bit Axe
13:45 Horse Collar
16:05 Bow Saw
19:54 Wheelbarrow
20:04 Fervor
23:15 Hand Cart
27:42 Imperial Age
25:52 Heavy Plow
25:56 Scale Mail Armor
26:09 Forging
26:06 Loom
25:56 Pikeman
26:36 Squires
27:10 Padded Archer Armor
28:16 Chemistry
27:51 Chain Mail Armor
27:49 Halberdier
29:24 Iron Casting
30:22 Plate Mail Armor
30:49 Wagenburg Tactics
30:28 Halberdier
31:56 Murder Holes
34:48 Blast Furnace
34:43 Caravan
35:14 Coinage
35:33 Conscription
37:13 Banking
37:26 Houfnice
Connection lost

Rejoining the realm…

Still unreachable

The connection could not be restored.

Session expired

The server has moved on; the page needs a fresh start.